 Dungeon Crawl Stone Soup version 0.28.0-45-g0d030f2227 (webtiles) character file.

Game seed: 17442535097327463715

36 NinjaNoafa the Sneak (level 3, -4/22 HPs)
             Began as a Kobold Brigand on Apr 14, 2022.
             Slain by Sigmund
             ... wielding a +0 scythe
              (13 damage)
             ... on level 2 of the Dungeon.
             The game lasted 00:05:01 (1134 turns).

NinjaNoafa the Sneak (Kobold Brigand)               Turns: 1134, Time: 00:05:01

Health: -4/22      AC:  3    Str:  5 (8)  XL:     3   Next: 57%
Magic:  3/3        EV: 14    Int:  9 (12) God:
Gold:   47         SH:  0    Dex: 17 (18) Spells: 2/2 levels left

rFire   . . .      SeeInvis +   a - +2 dagger
rCold   . . .      Faith    .   (no shield)
rNeg    . . .      Spirit   .   n - +0 robe
rPois   .          Reflect  .   (no helmet)
rElec   .          Harm     .   c - +0 cloak
rCorr   .          Rampage  .   (no gloves)
Will    .....                   (no boots)
Stlth   ++........              (no amulet)
HPRegen 0.07/turn               i - ring of see invisible
MPRegen 0.08/turn               (no ring)

@: confused
A: small, no large weapons, nightstalker 3
a: no special abilities


You were on level 2 of the Dungeon.
You visited 1 branch of the dungeon, and saw 2 of its levels.

You collected 47 gold pieces.

Inventory:

Hand Weapons
 a - a +2 dagger (weapon)
 b - a +0 hunting sling
 p - a +0 vorpal hand axe
Missiles
 d - 8 poisoned darts (quivered)
 e - 2 curare-tipped darts
 f - 24 stones
 l - 3 javelins
 o - 7 sling bullets
Armour
 c - a +0 cloak (worn)
 n - a +0 robe (worn)
Jewellery
 i - a ring of see invisible (left hand)
Scrolls
 k - a scroll of blinking
 m - a scroll of magic mapping
Potions
 h - a potion of degeneration


   Skills:
 + Level 2.6 Fighting
 + Level 3.2 Short Blades
 + Level 0.1(1.4) Slings
 + Level 2.6 Throwing
 + Level 1.9 Dodging
 + Level 5.7 Stealth


You had 2 spell levels left.
You didn't know any spells.
Your spell library was empty.

Dungeon Overview and Level Annotations

Branches:
Dungeon (2/15)

Altars:

Annotations:
D:2 Sigmund


Innate Abilities, Weirdness & Mutations

You are small and have problems with some larger weapons.
You are completely attuned to the shadows.


Message History

Press: ? - help, Q - select action, (/) - cycle Shift-Dir - straight line, f/p - Sigmund
Aim: Sigmund, wielding a +0 scythe and wearing a +0 robe (heavily wounded, 57% to hit)
You shoot a sling bullet.
The sling bullet closely misses Sigmund.
Fire: 11 sling bullets
Press: ? - help, Q - select action, (/) - cycle Shift-Dir - straight line, f/p - Sigmund
Aim: Sigmund, wielding a +0 scythe and wearing a +0 robe (heavily wounded, 57% to hit)
You shoot a sling bullet.
The sling bullet closely misses Sigmund.
Sigmund misses you.
Found an escape hatch in the ceiling.
Fire: 10 sling bullets
Press: ? - help, Q - select action, (/) - cycle Shift-Dir - straight line, f/p - Sigmund
Aim: Sigmund, wielding a +0 scythe and wearing a +0 robe (heavily wounded, 57% to hit)
You shoot a sling bullet.
The sling bullet closely misses Sigmund.
Sigmund closely misses you.
Fire: 9 sling bullets
Press: ? - help, Q - select action, (/) - cycle Shift-Dir - straight line, f/p - Sigmund
Aim: Sigmund, wielding a +0 scythe and wearing a +0 robe (heavily wounded, 57% to hit)
You shoot a sling bullet. The sling bullet barely misses Sigmund.
Okay, then.
Fire: 8 sling bullets
Press: ? - help, Q - select action, (/) - cycle Shift-Dir - straight line, f/p - Sigmund
Aim: Sigmund, wielding a +0 scythe and wearing a +0 robe (heavily wounded, 57% to hit)
You shoot a sling bullet.
The sling bullet closely misses Sigmund.
Sigmund misses you.
a - a +2 dagger (weapon)
Sigmund misses you.
You hit Sigmund.
Sigmund is heavily wounded.
Sigmund casts a spell at you.
You are confused.
You bump into the rock wall.
Sigmund hits you with a +0 scythe.
You barely miss Sigmund.
Sigmund is heavily wounded.
You bump into the rock wall.
Sigmund hits you with a +0 scythe!
Ouch! That really hurt!
You die...

###
....(##.#
..#
####.# (#
#...
##..# #
### #(.##
#(## #.#
#.# #@#
#@# #.#
#.# #<#
#.# ..#


You could see Sigmund.

Vanquished Creatures
  A dart slug (D:1)
  A bat (D:1)
  4 endoplasms (D:1)
  A giant cockroach (D:1)
  5 goblins (D:1)
  3 hobgoblins (D:1)
  3 kobolds
  4 quokkas (D:1)
  2 ball pythons (D:1)
  2 frilled lizards (D:1)
  4 rats
30 creatures vanquished.

Notes
Turn   | Place    | Note
-------+----------+-------------------------------------------
     0 | D:1      | NinjaNoafa the Kobold Brigand began the quest for the Orb.
     0 | D:1      | Reached XP level 1. HP: 12/12 MP: 1/1
   235 | D:1      | Reached XP level 2. HP: 15/18 MP: 2/2
   526 | D:1      | Reached XP level 3. HP: 22/22 MP: 3/3
  1091 | D:2      | Noticed Sigmund
  1134 | D:2      | Slain by Sigmund

Illustrated notes

Levels and vault maps discovered:
D:1:      dpeg_arrival_signposts, layout_loops_ring, serial_bayou_pond_d,
          minmay_close_crescents
D:2:      layout_rooms, hellmonk_ecumenical_altar_arch_garden, uniq_sigmund,
          uniq_terence

Skill      XL: |  1  2 |
---------------+-------+-----
Short Blades   | 3 |  3.2
Fighting       | |  2.6
Slings         | |  0.1
Throwing       | |  2.6
Dodging        | |  1.9
Stealth        | |  5.7

Action                   || total
-------------------------++-------
Melee: Dagger            ||    64
       Punch             ||     1
 Fire: Hunting sling     ||    17
  Use: Potion            ||     3
       Scroll            ||     2
 Stab: Sleeping          ||    14
Armor: Robe              ||    11
Dodge: Dodged            ||    39
